 Dungeon Crawl Stone Soup version 0.19-a0-665-g79b24d5 (webtiles) character file.

106 Blunderbuss the Magician (level 4, -3/21 HPs)
             Began as a Vine Stalker Fire Elementalist on June 16, 2016.
             Was an Initiate of Vehumet.
             Engulfed by a cloud of flame (14 damage)
             ... on level 3 of the Dungeon.
             The game lasted 00:10:13 (1830 turns).

Blunderbuss the Magician (VSFE)                     Turns: 1830, Time: 00:10:14

Health: -3/21      AC:  3    Str: 10    XL:     4   Next: 84%
Magic:  0/11       EV: 12    Int: 16    God:    Vehumet [......]
Gold:   93         SH:  0    Dex: 15    Spells: 3 memorised, 4 levels left

rFire  . . .     SeeInvis .     l - +1 dagger (venom)
rCold  . . .     Gourm    .     a - +1 robe
rNeg   . . .     Faith    .     (no shield)
rPois  .         Spirit   +     (no helmet)
rElec  .         Dismiss  .     (no cloak)
rCorr  .         Reflect  .     (no gloves)
SustAt .         Harm     .     (no boots)
MR     .....                    (no amulet)
Stlth  ++........               (no ring)
                                (no ring)

@: about to teleport, not resistant to hostile enchantments, unstealthy
A: fangs 2, regeneration 1, magic shield, antimagic bite, no device heal 3, rot
immunity
a: Renounce Religion


You were on level 3 of the Dungeon.
You worshipped Vehumet.
Vehumet was noncommittal.
You were not hungry.

You visited 1 branch of the dungeon, and saw 3 of its levels.

You collected 93 gold pieces.

Inventory:

Hand Weapons
 l - a +1 dagger of venom (weapon)
Armour
 a - a +1 robe (worn)
Jewellery
 k - a cursed ring of teleportation
Wands
 m - a wand of flame (23/48)
Scrolls
 e - 2 scrolls of identify
 o - a scroll of fog
Potions
 d - a potion of flight {unknown}
 f - 2 potions of curing
 g - a potion of brilliance {unknown}
 h - a potion of degeneration {unknown}
 j - a potion of heal wounds {unknown}
Books
 b - a book of Flames

   Spells                             Type                      Level
   a - Flame Tongue                   Conjuration/Fire             1
   b - Throw Flame                    Conjuration/Fire             2
   c - Conjure Flame                  Conjuration/Fire             3
   d - Inner Flame                    Hexes/Fire                   3
   e - Sticky Flame                   Conjuration/Fire             4
   f - Fireball                       Conjuration/Fire             5
Comestibles
 c - a bread ration
 n - a meat ration


   Skills:
 - Level 1.5 Dodging
 - Level 2.4 Stealth
 * Level 4.1 Spellcasting
 - Level 1.0 Conjurations
 + Level 4.0 Fire Magic


You had 4 spell levels left.
You knew the following spells:

 Your Spells              Type           Power        Failure   Level  Hunger
a - Flame Tongue          Conj/Fire      ##...        8%          1    None
b - Throw Flame           Conj/Fire      ##....       10%         2    ##.....
c - Sticky Flame          Conj/Fire      ##......     63%         4    ####...


Dungeon Overview and Level Annotations

Branches:
Dungeon (3/15)

Altars:
Nemelex Xobeh
Pakellas
Vehumet


Innate Abilities, Weirdness & Mutations

You have extremely sharp teeth.
Your natural rate of healing is unusually fast.
When hurt, damage is shared between your health and your magic reserves.
Your bite disrupts and absorbs the magic of your enemies.
Potions and wands cannot restore your health.
You are immune to rotting.


Message History

Confirm with . or Enter, or press ? or * to list all spells.
Aiming: Throw Flame
Press: ? - help, Shift-Dir - straight line, f - hobgoblin
Aim: a hobgoblin, wielding a club The puff of flame hits the hobgoblin.
You kill the hobgoblin!
n - a meat ration
Things that are here:
a club; a hobgoblin corpse
Found a club.
Found a radiant altar of Vehumet.
Really walk into a travel-excluded area?
Found 15 gold pieces.
There is a radiant altar of Vehumet here.
You kneel at the altar of Vehumet.
Vehumet welcomes you!
You are engulfed in roaring flames.
As you read the scroll of teleportation, it crumbles to dust.
You feel strangely unstable.
You are engulfed in roaring flames.
Ouch! That really hurt!
You die...

#...))...).(.#####
#.##########.# #. #
#$# #.####. #. #.#
#...... #.##.#
######. #....### #...
#.§...# #.#. #)§.§.#
#.#. ##.§@.§## #.#.
#..§.§..# #####.#.
#.......# #.......
#.#####.######.###...
#. #......#.###..( #
##.####.....#.).
#.###.## ##.....#...
#....####..........
####...........####


There were no monsters in sight!

Vanquished Creatures
  4 adders (D:2)
  A worm (D:3)
  A dart slug (D:2)
  A giant gecko (D:1)
  5 orcs (D:3)
  9 bats
  5 giant cockroaches
  3 goblins
  6 hobgoblins
  6 jackals (D:1)
  7 kobolds
  2 ball pythons
  A giant newt (D:1)
  5 rats
56 creatures vanquished.

Vanquished Creatures (others)
  A worm (D:3)
  A hobgoblin (D:3)
2 creatures vanquished.

Grand Total: 58 creatures vanquished

Notes
Turn   | Place    | Note
--------------------------------------------------------------
     0 | D:1      | Blunderbuss the Vine Stalker Fire Elementalist began the quest for the Orb.
     0 | D:1      | Reached XP level 1. HP: 9/9 MP: 4/4
   246 | D:1      | Reached XP level 2. HP: 13/13 MP: 0/6
   419 | D:1      | Learned a level 2 spell: Throw Flame
   453 | D:1      | Reached XP level 3. HP: 16/16 MP: 0/8
   734 | D:2      | Found an oddly glowing altar of Pakellas.
   836 | D:2      | Found a sparkling altar of Nemelex Xobeh.
   964 | D:2      | Reached XP level 4. HP: 21/21 MP: 2/10
  1059 | D:2      | Learned a level 4 spell: Sticky Flame
  1819 | D:3      | Found a radiant altar of Vehumet.
  1829 | D:3      | Became a worshipper of Vehumet
  1830 | D:3      | Engulfed by a cloud of flame

Vault maps used:
D:1:      lightli_arrival_chessboard
D:2:      nemelex_xobeh_ov_fountains_minmay, grunt_pakellas_basics
D:3:      fiery_altar_vehumet

Skill      XL: |  1  2  3  4 |
---------------+-------------+-----
Spellcasting   | 3 4 |  4.1
Fire Magic     | 4 |  4.0
Dodging        | |  1.5
Stealth        | |  2.4
Conjurations   | |  1.0

Action                   |  1- 3 |  4- 6 || total
-------------------------+-------+-------++-------
Melee: Short sword       |    27 |       ||    27
       Bite              |     4 |     4 ||     8
       Dagger            |     6 |    20 ||    26
 Cast: Flame Tongue      |    37 |    18 ||    55
       Throw Flame       |     9 |    16 ||    25
  Use: Scroll            |     3 |     7 ||    10
       Potion            |       |     1 ||     1
  Eat: Fruit             |     2 |       ||     2
       Bread ration      |       |     1 ||     1
Armor: Robe              |    15 |     2 ||    17
Dodge: Dodged            |    39 |    19 ||    58
